 Dungeon Crawl Stone Soup version 0.28.0-43-g3370ac3207 (webtiles) character file.

Game seed: 10065812914256079822

1827 bnorton916 the Destroyer (level 9, -6/57 HPs)
             Began as a Barachi Ice Elementalist on Mar 15, 2022.
             Mangled by a wight
             ... wielding a +0 dire flail
              (11 damage)
             ... on level 7 of the Dungeon.
             The game lasted 00:17:28 (10349 turns).

bnorton916 the Destroyer (BaIE)                    Turns: 10349, Time: 00:17:28

Health: -6/57      AC:  4    Str:  9    XL:     9   Next: 11%
Magic:  16/16      EV: 13    Int: 20    God:
Gold:   518        SH:  0    Dex: 13    Spells: 6/17 levels left

rFire   . . .      SeeInvis .   C - +1 long sword (elec)
rCold   . . .      Faith    .   (no shield)
rNeg    . . .      Spirit   .   a - +0 robe
rPois   .          Reflect  .   A - +0 helmet
rElec   .          Harm     .   n - +0 cloak of the Blind Marksman {+Blink Slay+3}
rCorr   .          Rampage  .   (no gloves)
Will    .....                   (no boots)
Stlth   ++........              h - amulet of magic regeneration
HPRegen 0.19/turn               (no ring)
MPRegen 0.55/turn               (no ring)

@: about to teleport, unable to hop, hasted, quick
A: amphibious, slowness 1, strong legs 1, +LOS
a: Hop, Evoke Blink


You were on level 7 of the Dungeon.
You visited 1 branch of the dungeon, and saw 8 of its levels.
You also visited: Sewer.

You collected 538 gold pieces.
You spent 20 gold pieces at shops.

Inventory:

Hand Weapons
 b - a +1 whip of freezing
 m - a +0 lajatang
 s - a +2 dagger of draining
 u - a +2 spear of flaming
 v - a +1 whip of venom
 C - a +1 long sword of electrocution (weapon)
 D - a +1 short sword of draining
Missiles
 i - 2 boomerangs (quivered)
 p - 195 stones
 I - 6 poisoned darts
Armour
 a - a +0 robe (worn)
 e - a +4 chain mail
 n - the +0 cloak of the Blind Marksman (worn) {+Blink Slay+3}
   (You found it on level 5 of the Dungeon)

   Slay:      It affects your accuracy & damage with ranged weapons and melee
   (+3).
   +Blink:    It lets you blink.
 r - a +0 cloak
 w - a +0 kite shield
 A - a +0 helmet (worn)
Magical Staves
 y - a staff of earth
 z - a staff of conjuration
Jewellery
 h - an amulet of magic regeneration (around neck)
 G - a +6 ring of intelligence
Wands
 j - a wand of flame (43)
 l - a wand of paralysis (8)
Scrolls
 c - 2 scrolls of immolation
 g - a scroll of fear
 k - a scroll of silence {unknown}
 o - 2 scrolls of enchant armour {unknown}
 t - 2 scrolls of enchant weapon
 x - a scroll of blinking
 H - a scroll of brand weapon
Potions
 d - a potion of haste
 q - 2 potions of attraction
 B - 2 potions of might
 F - a potion of brilliance


   Skills:
 + Level 1.6 Long Blades
 + Level 2.6 Armour
 + Level 3.4 Dodging
 - Level 1.7 Stealth
 - Level 4.8 Spellcasting
 - Level 9.6 Conjurations
 - Level 7.1 Ice Magic


You had 6 spell levels left.
You knew the following spells:

 Your Spells              Type           Power      Damage    Failure   Level
a - Freeze                Ice            100%       1d11      1%          1
b - Frozen Ramparts       Ice            66%        1d8       1%          3
c - Ozocubu's Armour      Ice            33%        N/A       1%          3
d - Hailstorm             Conj/Ice       38%        3d9       3%          4

Your spell library contained the following spells:

 Spells                   Type           Power      Damage    Failure   Level
 Corpse Rot               Necr/Air       8%         N/A       19%         2
 Poisonous Vapours        Pois/Air       8%         N/A       19%         2


Dungeon Overview and Level Annotations

Branches:
Dungeon (8/15)              Sewer (visited)
 Temple: D:4-7         Lair: D:8-11

Altars:

Shops:
D:3 *   D:6 (

Annotations:
D:8 Prince Ribbit


Innate Abilities, Weirdness & Mutations

You are amphibious.
You cover ground slowly.
You can hop short distances.
You have an extended range of vision and can be seen from far away.


Message History

Casting: Ozocubu's Armour (safe; 1% risk of failure)
Confirm with . or Enter, or press ? or * to list all spells.
Casting: Frozen Ramparts (safe; 1% risk of failure)
Press: ? - help, Dir - look around, f - activate The walls around you are covered in ice.
The centaur shoots an arrow.
The arrow closely misses you.
A wight comes into view. It is wielding a +3 mace.
Hop to where?
Press: ? - help, Dir - move target Your icy armour and frozen ramparts will break if you move.
Continue?
Your icy armour cracks and falls away as you move.
The frozen ramparts melt away as you move.
Boing!
The centaur shoots an arrow.
The arrow hits you!
* * * LOW HITPOINT WARNING * * *
The centaur shoots an arrow.
The arrow barely misses you.
Unknown command.
You feel better.
You feel yourself speed up.
The centaur shoots an arrow.
The arrow hits you!
* * * LOW HITPOINT WARNING * * *
The centaur shoots an arrow.
The arrow hits you.
* * * LOW HITPOINT WARNING * * *
As you read the scroll of fear, it crumbles to dust.
You assume a fearsome visage.
The centaur looks frightened!
The wight is unaffected. x2
The centaur prays for help.
The centaur cowers, then darts away.
The sentinel's mark upon you fades away.
There is a stone staircase leading down here.
You climb downwards.
Prince Ribbit gives a loud, deep croak!
The killer bee buzzes angrily.
The acid dragon roars!
Found 15 gold pieces, a hunting sling, a rapier and 19 sling bullets.
Found a stone staircase leading up and a stone staircase leading down.
There is a stone staircase leading up here.
As you read the scroll of teleportation, it crumbles to dust.
You feel strangely unstable.
A killer bee comes into view. x2
You climb upwards.
The wight hits you with a +0 dire flail!
You die...

#.†.......#
#..###.#### #..# #.#
#..# #.# #zz# #.#
########## #..# #.#
#........# #..# #.#
##........###..# #.#
............z@###.###
#........#######....#
#........# ##....#
#<.......# #.....#
#........# #.....#
#........# #.....#
#........# #.....#
#........# #.....#
########## #.....#


You could see 3 wights.

Vanquished Creatures
  Edmund (D:5)
  2 water moccasins
  2 orc warriors (D:6)
  A necrophage (D:5)
  Blork the orc (D:5)
  4 bullfrogs
  3 scorpions
  A gnoll sergeant (D:6)
  A wyvern zombie (D:5)
  3 hounds
  A jelly (D:6)
  A centaur skeleton (D:7)
  Jessica (D:3)
  An iguana (D:4)
  An orc wizard (D:6)
  A killer bee zombie (D:7)
  A hound zombie (D:5)
  A howler monkey zombie (D:6)
  14 gnolls
  6 adders
  2 shadow imps
  A white imp (D:5)
  2 worms
  13 orcs
  6 bats
  7 endoplasms
  10 giant cockroaches
  7 goblins
  16 hobgoblins
  5 jackals (D:2)
  6 quokkas
  11 ball pythons
  8 frilled lizards
  4 kobolds
  A rat (D:1)
146 creatures vanquished.

Vanquished Creatures (others)
  3 plants (D:4)
3 creatures vanquished.

Grand Total: 149 creatures vanquished

Notes
Turn   | Place    | Note
-------+----------+-------------------------------------------
     0 | D:1      | bnorton916 the Barachi Ice Elementalist began the quest for
                  | the Orb.
     0 | D:1      | Reached XP level 1. HP: 13/13 MP: 3/3
    16 | D:1      | Found a faded altar of an unknown god.
   485 | D:1      | Reached skill level 5 in Ice Magic
   513 | D:1      | Reached XP level 2. HP: 16/19 MP: 2/5
  1353 | D:1      | Reached XP level 3. HP: 22/24 MP: 5/7
  1358 | D:1      | Learned a level 3 spell: Frozen Ramparts
  1362 | D:1      | Learned a level 3 spell: Ozocubu's Armour
  2113 | D:2      | Reached XP level 4. HP: 30/30 MP: 7/9
  2563 | D:3      | Found Fuletos's General Store.
  2569 | D:3      | Bought a scroll of identify for 20 gold pieces
  2976 | D:3      | Noticed Jessica
  2983 | D:3      | Killed Jessica
  2984 | D:3      | Reached XP level 5. HP: 35/35 MP: 7/11
  3502 | D:4      | Noticed a necrophage
  3989 | D:4      | Found a glowing drain.
  4010 | Sewer    | Entered a sewer
  4550 | Sewer    | Reached XP level 6. HP: 23/41 MP: 11/13
  5041 | Sewer    | Learned a level 4 spell: Hailstorm
  5054 | Sewer    | Reached skill level 2 in Conjurations
  5524 | D:4      | HP: 2/41 [gnoll/+0 whip (4)]
  5528 | D:4      | Reached skill level 3 in Conjurations
  6125 | D:4      | Reached XP level 7. HP: 15/46 MP: 8/14
  6341 | D:4      | Reached skill level 4 in Conjurations
  6679 | D:5      | Entered Level 5 of the Dungeon
  7056 | D:5      | Reached skill level 5 in Conjurations
  7844 | D:5      | Identified the +0 cloak of the Blind Marksman {+Blink
                  | Slay+3}
  7844 | D:5      | Noticed Blork the orc
  7859 | D:5      | Killed Blork the orc
  7896 | D:5      | Reached skill level 6 in Conjurations
  8274 | D:5      | Reached skill level 7 in Conjurations
  8274 | D:5      | Reached XP level 8. HP: 31/52 MP: 15/15
  8670 | D:5      | Noticed Edmund
  8678 | D:5      | Killed Edmund
  8679 | D:5      | Reached skill level 8 in Conjurations
  8921 | D:5      | You fall into a shaft and drop 2 floors!
  9287 | D:6      | Reached skill level 9 in Conjurations
  9648 | D:6      | Found Benob's Antique Weapon Emporium.
  9753 | D:6      | Reached skill level 1 in Armour
  9753 | D:6      | Reached XP level 9. HP: 21/57 MP: 12/16
 10328 | D:7      | Reached skill level 1 in Long Blades
 10346 | D:8      | Noticed Prince Ribbit
 10349 | D:7      | Mangled by a wight

Illustrated notes

Levels and vault maps discovered:
D:1:      psy_arrival_whirlpool, layout_basic,
          hellmonk_ecumenical_altar_blasted, minmay_tall_x
D:2:      layout_basic, minmay_goblin_kobold_house
D:3:      layout_basic, serial_shops, nicolae_shop_statue_plus, uniq_jessica
D:4:      layout_loops_corners, cheibrodos_sewer_entry_bend,
          serial_bayou_pond_c, kennysheep_generic_room_14
D:5:      layout_loops_ring, grunt_temple_overflow_open,
          minmay_fractal_squares_5, uniq_sigmund, uniq_blork_the_orc,
          uniq_edmund
D:6:      layout_gridville, serial_shops, nicolae_shop_behind_doors
D:7:      layout_basic, minmay_temple_entry_glassed_door,
          kennysheep_big_empty_room
D:8:      layout_rooms, serial_shops, kennysheep_little_box, uniq_prince_ribbit1

Skill      XL: |  1  2  3  4  5  6  7  8  9 |
---------------+----------------------------+-----
Ice Magic      | 5 6 7 |  7.1
Spellcasting   | 3 4 |  4.8
Conjurations   | 3 7 9 |  9.6
Armour         | 1 2 |  2.6
Dodging        | 3 |  3.4
Long Blades    | 1 |  1.6
Stealth        | |  1.7

Action                   |  1- 3 |  4- 6 |  7- 9 || total
-------------------------+-------+-------+-------++-------
Melee: Whip              |    29 |    69 |    51 ||   149
       Punch             |       |     2 |       ||     2
       Spear             |       |       |     7 ||     7
       Long sword        |       |       |    10 ||    10
Throw: Boomerang         |       |     8 |     5 ||    13
 Cast: Freeze            |    47 |    31 |    12 ||    90
       Frozen Ramparts   |       |    19 |    21 ||    40
       Ozocubu's Armour  |       |     3 |     9 ||    12
 Abil: Hop               |       |       |     1 ||     1
Evoke: Wand              |       |       |    12 ||    12
  Use: Scroll            |       |    12 |     5 ||    17
       Potion            |       |     2 |     5 ||     7
 Stab: Sleeping          |     1 |       |       ||     1
Armor: Robe              |    14 |    35 |    26 ||    75
Dodge: Dodged            |    46 |   102 |    76 ||   224
